 Dungeon Crawl Stone Soup version 0.22-a0-441-gcf5b0c64b7 (webtiles) character file.

28 KarmaPolice the Vandal (level 3, 0/24 HPs)
             Began as a Halfling Hunter on May 30, 2018.
             Succumbed to an adder's poison
             ... on level 2 of the Dungeon.
             The game lasted 00:01:40 (1169 turns).

KarmaPolice the Vandal (Halfling Hunter)            Turns: 1169, Time: 00:01:41

Health: 0/24       AC:  3    Str: 19    XL:     3   Next: 27%
Magic:  3/3        EV: 20    Int:  9    God:
Gold:   30         SH:  0    Dex: 19    Spells: 2/2 levels left

rFire    . . .     SeeInvis .   b - +0 short sword
rCold    . . .     Gourm    .   (shield restricted)
rNeg     . . .     Faith    .   c - +0 leather armour
rPois    .         Spirit   .   (no helmet)
rElec    .         Reflect  .   (no cloak)
rCorr    .         Harm     .   (no gloves)
MR       .....                  (no boots)
Stlth    +++.......             (no amulet)
HPRegen  0.08/turn              (no ring)
MPRegen  0.08/turn              (no ring)

@: mighty, agile, lethally poisoned (0 -> -5)
A: small, mutation resistance 1
a: no special abilities


You were on level 2 of the Dungeon.
You were not hungry.

You visited 1 branch of the dungeon, and saw 2 of its levels.

You collected 30 gold pieces.

Inventory:

Hand Weapons
 a - a +1 hunting sling
 b - a +0 short sword (weapon)
Missiles
 d - 18 sling bullets
 i - 56 stones (quivered)
Armour
 c - a +0 leather armour (worn)
Jewellery
 e - a cursed ring of teleportation {unknown}
 j - an uncursed ring of protection from fire {unknown}
Scrolls
 l - a scroll of identify {unknown}
 m - a scroll of immolation {unknown}
 n - a scroll of remove curse {unknown}
Potions
 h - a potion of lignification {unknown}
 o - a potion of curing {unknown}
 p - a potion of might
Comestibles
 f - 5 rations


   Skills:
 + Level 2.3 Fighting
 + Level 1.2 Short Blades
 + Level 6.4 Slings
 - Level 2.2 Dodging
 - Level 1.1 Stealth


You had 2 spell levels left.
You didn't know any spells.
Your spell library was empty.

Dungeon Overview and Level Annotations

Branches:
Dungeon (2/15)

Altars:


Innate Abilities, Weirdness & Mutations

You are small and have problems with some larger weapons.
You are somewhat resistant to further mutation.


Message History

Your experience leads to an increase in your attributes!
Increase (S)trength, (I)ntelligence, or (D)exterity?
You feel stronger.
* * * LOW HITPOINT WARNING * * *
You feel sick.
The goblin hits you with a dagger of freezing.
* * * LOW HITPOINT WARNING * * *
The goblin freezes you.
* * * LOW HITPOINT WARNING * * *
It was a potion of might.
You feel very mighty all of a sudden.
The goblin hits you with a dagger of freezing.
* * * LOW HITPOINT WARNING * * *
The goblin freezes you.
* * * LOW HITPOINT WARNING * * *
Put on which piece of jewellery? (? for menu, Esc to quit)
Okay, then.
It was a potion of agility.
You feel agile all of a sudden.
You die...

#... ##...## ..#
##.....##
####.###.......##
#...............#
#.##.##.........#
#.##.##.#.....#.# #
#.##.##.##..g##.##.#
#.##.#.....@.(....(#
#.##.#..###.###.#..#
#<.......##.##..# #
######.#..........<.#
#.####............
#.# #.#..(#S.#### #..
.........g#
#############.# ..


You could see a goblin.

Vanquished Creatures
  An adder (D:2)
  An ooze (D:1)
  A giant cockroach (D:1)
  4 hobgoblins (D:1)
  4 jackals (D:1)
  2 bats (D:1)
13 creatures vanquished.

Notes
Turn   | Place    | Note
-------+----------+-------------------------------------------
     0 | D:1      | KarmaPolice the Halfling Hunter began the quest for the Orb.
     0 | D:1      | Reached XP level 1. HP: 14/14 MP: 1/1
     0 | D:1      | Noticed a merfolk zombie
     0 | D:1      | Noticed a troll
     1 | D:1      | Noticed a formicid
     3 | D:1      | Noticed a formicid
     3 | D:1      | Noticed a naga
     6 | D:1      | Noticed an ogre
    10 | D:1      | Noticed a merfolk zombie
    12 | D:1      | Noticed an ogre
    14 | D:1      | Noticed an elf
    14 | D:1      | Noticed a draconian
    16 | D:1      | Noticed a vine stalker
    16 | D:1      | Noticed a centaur
    16 | D:1      | Noticed a draconian
    50 | D:1      | Reached skill level 6 in Slings
    50 | D:1      | Reached XP level 2. HP: 10/19 MP: 2/2
  1167 | D:2      | Reached skill level 1 in Short Blades
  1167 | D:2      | Reached XP level 3. HP: 7/24 MP: 3/3
  1168 | D:2      | HP: 1/24 [goblin/dagger of freezing (1)]
  1169 | D:2      | Succumbed to an adder's poison

Vault maps used:
D:1:      shiori_arrival_whats_in_store_for_you

Skill      XL: |  1  2 |
---------------+-------+-----
Slings         | 6 |  6.4
Fighting       | 2 |  2.3
Short Blades   | 1 |  1.2
Dodging        | |  2.2
Stealth        | |  1.1

Action                   || total
-------------------------++-------
Melee: Short sword       ||    67
 Fire: Hunting sling     ||     2
  Use: Potion            ||     2
  Eat: Chunk             ||     1
Armor: Leather armour    ||    11
Dodge: Dodged            ||    49

Table legend:
 A = Spawn XP
 B = Non-spawn XP
 C = Spawn XP percentage of total XP
 D = Spawn monster count
 E = Non-spawn monster count
 F = Spawn count percentage of total count
 G = Total turns spent on level
                    A         B        C        D         E        F      G
               +---------+---------+-------+---------+---------+-------+---------
         Total |       0 |      40 |   0.0 |       0 |      13 |   0.0 |  1169
               +---------+---------+-------+---------+---------+-------+---------
           D:1 |       0 |      27 |   0.0 |       0 |      12 |   0.0 |  1135
           D:2 |       0 |      13 |   0.0 |       0 |       1 |   0.0 |    34
               +---------+---------+-------+---------+---------+-------+---------
